 Dungeon Crawl Stone Soup version 0.31.0-9-g3a7656b989 (webtiles) character file.

Game seed: 15813922121760227583

27255 qw the Spry (level 13, -1/65 HPs)
             Began as a Spriggan Hunter on Feb 2, 2024.
             Was a High Priest of Okawaru.
             Killed by divine providence
             ... invoked by a meliai
              (11 damage)
             ... on level 4 of the Lair of Beasts.
             The game lasted 00:01:31 (12386 turns).

qw the Spry (Spriggan Hunter)                      Turns: 12386, Time: 00:01:32

Health: -1/65      AC:  6    Str: 11    XL:     13   Next: 3%
Magic:  17/21      EV: 37    Int: 12    God:    Okawaru [*****.]
Gold:   1749       SH:  0    Dex: 22    Spells: 12/12 levels left

rFire   . . .        p - +4 orcbow
rCold   + . .        (shield currently unavailable)
rNeg    . . .        i - +0 robe of Tupomem {rC+ Str+4 Slay+3}
rPois   +            t - +1 hat
rElec   .            e - +2 cloak
rCorr   .            (gloves unavailable)
SInv    +            (boots unavailable)
Will    ++...        (no amulet)
Stlth   ++           o - ring of poison resistance
HPRegen 0.30/turn    g - +5 ring of evasion
MPRegen 0.17/turn

%: no passive effects
@: about to teleport, finesse-ful, very quick
A: very small, no large weapons, unfitting armour, see invisible, speed 3
a: Renounce Religion, Heroism, Finesse, Duel


You were on level 4 of the Lair of Beasts.
You worshipped Okawaru.
Okawaru was extremely pleased with you.
You visited 3 branches of the dungeon, and saw 15 of its levels.

You collected 2063 gold pieces.
You spent 314 gold pieces at shops.


Innate Abilities, Weirdness & Mutations

You are very small and have problems with some larger weapons.
You are too small for most types of armour.
You have supernaturally acute eyesight. (SInv)
You cover ground extremely quickly. (Speed+++)


   Skills:
 - Level 6.1 Fighting
 - Level 15.0 Ranged Weapons
 - Level 1.0 Armour
 + Level 15.1 Dodging
 - Level 1.5 Stealth
 - Level 10.1 Invocations


You had 12 spell levels left.
You didn't know any spells.
Your spell library was empty.

Inventory:

Hand Weapons
 p - a +4 orcbow (weapon)
Armour
 e - a +2 cloak (worn)
 i - the +0 robe of Tupomem (worn) {rC+ Str+4 Slay+3}
   (You found it on level 4 of the Dungeon)

   Str+4:     It affects your strength (+4).
   Slay+3:    It affects your accuracy & damage with ranged weapons and melee
   (+3).
   rC+:       It protects you from cold.
 n - a +0 robe of resistance
 t - a +1 hat (worn)
Jewellery
 a - a ring of protection from fire
 g - a +5 ring of evasion (right hand)
 m - a ring of fire
 o - a ring of poison resistance (left hand)
 Y - a +4 ring of protection
Wands
 f - a wand of mindburst (29)
 l - a wand of polymorph (13)
 q - a wand of light (10)
 s - a wand of digging (11)
 v - a wand of roots (3)
Scrolls
 b - a scroll of identify
 j - a scroll of teleportation
Potions
 c - 5 potions of mutation
 d - a potion of resistance
 h - 8 potions of curing
 k - a potion of magic
 r - 3 potions of might
 u - 2 potions of haste
 w - a potion of heal wounds

Dungeon Overview and Level Annotations

Branches:
Dungeon (10/15)            Temple (1/1) D:4            Lair (4/5) D:10
  Swamp (0/4) Lair:3       Spider (0/4) Lair:2          Orc (0/2) D:10
  Slime: Lair:4-5

Altars:
Ashenzari
Cheibriados
Dithmenos
Elyvilon
Fedhas
Gozag
Hepliaklqana
Kikubaaqudgha
Makhleb
Nemelex Xobeh
Okawaru
Qazlal
Ru
Sif Muna
Trog
Uskayaw
Vehumet
Wu Jian
Xom
Yredelemnul
Zin
The Shining One

Shops:
D:3 (   D:6 *

Annotations:
D:9 3 runed translucent doors, qw's ghost, novice DjHu


Message History

You shoot an arrow. The arrow barely misses the killer bee.
The killer bee closely misses you. The killer bee completely misses you.
The killer bee misses you.
You shoot an arrow. The arrow barely misses the killer bee.
You hear an angry hiss.
The killer bee completely misses you. The killer bee misses you.
A yak comes into view.
The killer bee misses you.
You hear a loud, deep croak!
12381 ||| RETREEEEATING.
You shoot an arrow. The yak bellows!
The arrow hits the killer bee!!
You kill the killer bee!
Okawaru accepts your kill.
You hear an angry hiss.
12382 ||| RETREEEEATING.
The killer bee attacks as it pursues you!
The killer bee completely misses you.
The meliai mumbles some strange prayers to its god against you.
Something smites you!
The killer bee stings you but does no damage.
You shoot an arrow. The arrow hits the killer bee!
The killer bee is moderately wounded.
You shoot an arrow. The arrow hits the killer bee!
You kill the killer bee!
Okawaru accepts your kill.
You hear a loud, deep croak!
You hear a croak.
A killer bee comes into view.
12385 ||| RETREEEEATING.
A killer bee comes into view.
The meliai mumbles some strange prayers to its god against you.
Something smites you!
12386 ||| READING 2 scrolls of teleportation.
As you read the scroll of teleportation, it crumbles to dust.
You feel strangely unstable.
The killer bee buzzes angrily.
The killer bee completely misses you. x2
The meliai mumbles some strange prayers to its god against you.
Something smites you!
You die...

P.P. .. ....Y.Y #.##
....... ... ....... ..# .
...<...# #y###y#
......Y%#.y.#...
......y#y#....#
.....yy#y#...## ##
##.@#y.k..# .D
#..#.#....y.#
##.#.#.###%##
#...#...#...# ..
##y#y#....# #..
#..#Y#%..## ....###.##
####..#%#...#
......#..###.#....#.#..F.#
.................y.#.#...#


You could see 3 yaks, a meliai and 6 killer bees.

Vanquished Creatures
  A hydra (Lair:3)
  A two-headed ogre (D:9)
  6 death yaks (Lair:2)
  Nergalle (Lair:1)
  3 elephants (Lair:2)
  3 black mambas
  6 cane toads
  A torpor snail (Lair:3)
  3 unseen horror zombies (D:10)
  4 rime drakes
  7 komodo dragons
  Maggie (D:9)
  A tyrant leech (Lair:3)
  A troll (D:10)
  A polar bear (Lair:3)
  Grinder (D:4)
  6 blink frogs
  2 dream sheep (Lair:3)
  2 wraiths
  12 yaks
  Sigmund (D:2)
  A vampire (D:10)
  2 culicivoras (Lair:2)
  2 wyverns
  6 basilisks
  2 redbacks (Lair:2)
  Menkaure (D:7)
  7 water moccasins
  Duvessa (D:6)
  A swamp drake (D:10)
  5 orc warriors
  2 black bears
  2 ogres
  10 wolves
  2 centaurs
  A phantom (D:6)
  10 bullfrogs
  A gnoll sergeant (D:6)
  2 scorpions (D:5)
  Dowan (D:6)
  13 wights
  24 killer bees
  7 howler monkeys
  A bombardier beetle (D:5)
  6 centaur zombies (D:10)
  A gnoll bouda (D:9)
  2 jellies
  8 orc priests
  4 hounds
  A sleepcap (D:8)
  Natasha (thrice) (D:2)
  6 iguanas
  18 orc wizards
  A polar bear simulacrum (Lair:4)
  2 howler monkey zombies (D:10)
  Robin (D:2)
  12 gnolls
  4 adders
  3 white imps
  2 ufetubi (D:7)
  4 dart slugs
  49 orcs
  3 bats
  10 endoplasms
  A giant cockroach (D:3)
  9 goblins
  12 hobgoblins
  9 jackals
  7 quokkas
  5 ball pythons
  4 frilled lizards
  13 kobolds
  6 rats
374 creatures vanquished.

Notes
Turn   | Place    | Note
-------+----------+-------------------------------------------
     0 | D:1      | qw the Spriggan Hunter began the quest for the Orb.
     0 | D:1      | Reached XP level 1. HP: 10/10 MP: 2/2
     0 | D:1      | 0 ||| qw: Version: 0.3-a-155-g5e7d8dd
     0 | D:1      | 0 ||| qw: Game counter: 704
     0 | D:1      | 0 ||| qw: Melee chars always use a shield: true
     0 | D:1      | 0 ||| qw: God list: Okawaru
     0 | D:1      | 0 ||| qw: Allow faded altars: false
     0 | D:1      | 0 ||| qw: Do Orc after clearing Dungeon:15 true
     0 | D:1      | 0 ||| qw: Do second Lair branch before Depths: true
     0 | D:1      | 0 ||| qw: Lair rune preference: random
     0 | D:1      | 0 ||| qw: Goals: Normal
     0 | D:1      | 0 ||| PLANNING D:1-11
    23 | D:1      | Reached skill level 3 in Dodging
    59 | D:1      | Reached XP level 2. HP: 14/14 MP: 3/3
   179 | D:1      | HP: 2/14 [goblin/+0 club (3)]
   414 | D:1      | Reached XP level 3. HP: 18/18 MP: 4/4
   669 | D:1      | 669 ||| UPGRADING to +0 cloak.
   674 | D:1      | 674 ||| READING scroll labelled DASTAT LYR.
   674 | D:1      | 674 ||| ENCHANTING +0 shortbow.
   675 | D:1      | 675 ||| READING scroll labelled SOURRI FUATUMN.
   675 | D:1      | 675 ||| ENCHANTING +0 cloak.
   676 | D:1      | 676 ||| READING 2 scrolls labelled BITAOT RUWI.
   679 | D:1      | 679 ||| DRINKING 2 metallic orange potions.
   680 | D:1      | 680 ||| DROPPING scroll of butterflies.
   740 | D:2      | Noticed Sigmund
   741 | D:2      | 741 ||| RETREEEEATING.
   742 | D:2      | 742 ||| FLEEEEING.
   743 | D:2      | 743 ||| RETREEEEATING.
   744 | D:2      | 744 ||| FLEEEEING.
   745 | D:2      | 745 ||| FLEEEEING.
   746 | D:2      | 746 ||| FLEEEEING.
   747 | D:2      | 747 ||| FLEEEEING.
   748 | D:2      | 748 ||| FLEEEEING.
   761 | D:2      | HP: 3/18 [gnoll/+0 spear (5)]
   762 | D:2      | 762 ||| READING scroll of teleportation.
  1091 | D:2      | 1091 ||| FLEEEEING.
  1093 | D:2      | 1093 ||| FLEEEEING.
  1097 | D:2      | 1097 ||| FLEEEEING.
  1098 | D:2      | 1098 ||| FLEEEEING.
  1115 | D:2      | 1115 ||| FLEEEEING.
  1116 | D:2      | 1116 ||| FLEEEEING.
  1118 | D:2      | 1118 ||| FLEEEEING.
  1128 | D:2      | 1128 ||| FLEEEEING.
  1129 | D:2      | 1129 ||| FLEEEEING.
  1130 | D:2      | 1130 ||| FLEEEEING.
  1131 | D:2      | 1131 ||| FLEEEEING.
  1132 | D:2      | 1132 ||| FLEEEEING.
  1133 | D:2      | 1133 ||| FLEEEEING.
  1134 | D:2      | 1134 ||| FLEEEEING.
  1135 | D:2      | 1135 ||| FLEEEEING.
  1136 | D:2      | 1136 ||| FLEEEEING.
  1137 | D:2      | 1137 ||| FLEEEEING.
  1142 | D:2      | 1142 ||| FLEEEEING.
  1143 | D:2      | 1143 ||| FLEEEEING.
  1144 | D:2      | 1144 ||| FLEEEEING.
  1145 | D:2      | 1145 ||| FLEEEEING.
  1148 | D:2      | 1148 ||| FLEEEEING.
  1149 | D:2      | 1149 ||| FLEEEEING.
  1150 | D:2      | 1150 ||| FLEEEEING.
  1155 | D:2      | Reached XP level 4. HP: 22/22 MP: 5/5
  1296 | D:2      | Noticed Robin
  1313 | D:2      | Killed Robin
  1314 | D:2      | 1314 ||| FLEEEEING.
  1316 | D:2      | 1316 ||| FLEEEEING.
  1317 | D:2      | 1317 ||| FLEEEEING.
  1318 | D:2      | 1318 ||| FLEEEEING.
  1319 | D:2      | 1319 ||| FLEEEEING.
  1320 | D:2      | 1320 ||| FLEEEEING.
  1321 | D:2      | 1321 ||| FLEEEEING.
  1322 | D:2      | 1322 ||| FLEEEEING.
  1323 | D:2      | 1323 ||| FLEEEEING.
  1324 | D:2      | 1324 ||| FLEEEEING.
  1325 | D:2      | 1325 ||| FLEEEEING.
  1326 | D:2      | 1326 ||| FLEEEEING.
  1327 | D:2      | 1327 ||| FLEEEEING.
  1328 | D:2      | 1328 ||| FLEEEEING.
  1334 | D:2      | 1334 ||| FLEEEEING.
  1335 | D:2      | 1335 ||| FLEEEEING.
  1336 | D:2      | 1336 ||| FLEEEEING.
  1337 | D:2      | 1337 ||| FLEEEEING.
  1338 | D:2      | 1338 ||| FLEEEEING.
  1339 | D:2      | 1339 ||| FLEEEEING.
  1340 | D:2      | 1340 ||| FLEEEEING.
  1341 | D:2      | 1341 ||| FLEEEEING.
  1342 | D:2      | 1342 ||| FLEEEEING.
  1343 | D:2      | 1343 ||| FLEEEEING.
  1344 | D:2      | 1344 ||| FLEEEEING.
  1345 | D:2      | 1345 ||| FLEEEEING.
  1346 | D:2      | 1346 ||| FLEEEEING.
  1347 | D:2      | 1347 ||| FLEEEEING.
  1348 | D:2      | 1348 ||| FLEEEEING.
  1350 | D:2      | 1350 ||| FLEEEEING.
  1351 | D:2      | 1351 ||| FLEEEEING.
  1353 | D:2      | 1353 ||| FLEEEEING.
  1354 | D:2      | 1354 ||| STAIRDANCE
  1386 | D:1      | 1386 ||| READING scroll labelled XUCKEC ZYWKAU.
  1387 | D:1      | 1387 ||| READING scroll labelled FYP MUIMO.
  1388 | D:1      | 1388 ||| READING scroll labelled YXEVEZXAMP.
  1388 | D:1      | 1388 ||| IDENTIFYING grey potion
  1389 | D:1      | 1389 ||| DROPPING potion of ambrosia.
  1393 | D:2      | 1393 ||| STAIRDANCE
  1487 | D:2      | 1487 ||| DRINKING potion of curing.
  1487 | D:2      | 1487 ||| (to cure confusion)
  1489 | D:2      | Killed Sigmund
  1490 | D:2      | Reached skill level 6 in Ranged Weapons
  1490 | D:2      | Reached XP level 5. HP: 26/26 MP: 6/6
  1490 | D:2      | Reached XP level 6. HP: 30/30 MP: 7/7
  1601 | D:2      | Noticed Natasha
  1604 | D:2      | 1604 ||| FLEEEEING.
  1605 | D:2      | 1605 ||| FLEEEEING.
  1606 | D:2      | 1606 ||| FLEEEEING.
  1607 | D:2      | 1607 ||| FLEEEEING.
  1608 | D:2      | 1608 ||| FLEEEEING.
  1609 | D:2      | 1609 ||| FLEEEEING.
  1610 | D:2      | 1610 ||| FLEEEEING.
  1611 | D:2      | 1611 ||| FLEEEEING.
  1613 | D:2      | 1613 ||| FLEEEEING.
  1614 | D:2      | 1614 ||| FLEEEEING.
  1615 | D:2      | 1615 ||| FLEEEEING.
  1616 | D:2      | 1616 ||| FLEEEEING.
  1618 | D:2      | 1618 ||| FLEEEEING.
  1619 | D:2      | 1619 ||| FLEEEEING.
  1620 | D:2      | 1620 ||| FLEEEEING.
  1621 | D:2      | 1621 ||| FLEEEEING.
  1622 | D:2      | 1622 ||| FLEEEEING.
  1623 | D:2      | 1623 ||| FLEEEEING.
  1630 | D:2      | Killed Natasha
  1702 | D:2      | Noticed Natasha
  1713 | D:2      | 1713 ||| RETREEEEATING.
  1715 | D:2      | 1715 ||| RETREEEEATING.
  1716 | D:2      | 1716 ||| RETREEEEATING.
  1719 | D:2      | Killed Natasha
  1787 | D:2      | 1787 ||| DRINKING 2 brown potions.
  1787 | D:2      | Noticed Natasha
  1792 | D:2      | Killed Natasha
  1857 | D:3      | Reached skill level 6 in Dodging
  1906 | D:3      | Found a sparkling altar of Nemelex Xobeh.
  2033 | D:3      | Found Cieth's Antique Weapon Boutique.
  2039 | D:3      | 2039 ||| BUYING runed sling (130 gold).
  2039 | D:3      | Bought a runed sling for 130 gold pieces
  2039 | D:3      | 2039 ||| DROPPING +0 heavy sling.
  2461 | D:3      | 2461 ||| UPGRADING to +4 ring of protection.
  2462 | D:3      | 2462 ||| READING scroll of identify.
  2462 | D:3      | 2462 ||| IDENTIFYING viscous green potion
  2463 | D:3      | 2463 ||| READING scroll labelled FAUFOL EFISE.
  2464 | D:3      | 2464 ||| READING scroll labelled BENAHE VALUNIE.
  2464 | D:3      | Identified a scroll of acquirement
  2464 | D:3      | 2464 ||| ACQUIRING +5 ring of evasion
  2464 | D:3      | Acquired a +5 ring of evasion
  2466 | D:3      | 2466 ||| UPGRADING to +5 ring of evasion.
  2467 | D:3      | 2467 ||| READING scroll labelled XARULA FASAS.
  2659 | D:4      | Identified the +0 robe of Tupomem {rC+ Str+4 Slay+3}
  2705 | D:4      | Noticed Grinder
  2720 | D:4      | Killed Grinder
  2721 | D:4      | Reached XP level 7. HP: 23/35 MP: 8/8
  3084 | D:4      | Found a staircase to the Ecumenical Temple.
  3085 | D:4      | 3085 ||| PLANNING TEMPLE
  3093 | D:4      | 3093 ||| FLEEEEING.
  3094 | D:4      | 3094 ||| FLEEEEING.
  3095 | D:4      | 3095 ||| FLEEEEING.
  3096 | D:4      | 3096 ||| FLEEEEING.
  3097 | D:4      | 3097 ||| FLEEEEING.
  3099 | D:4      | 3099 ||| FLEEEEING.
  3102 | D:4      | 3102 ||| FLEEEEING.
  3103 | D:4      | 3103 ||| FLEEEEING.
  3105 | D:4      | 3105 ||| FLEEEEING.
  3106 | D:4      | 3106 ||| FLEEEEING.
  3108 | D:4      | 3108 ||| FLEEEEING.
  3133 | D:4      | 3133 ||| UPGRADING to +0 robe of Tupomem {rC+ Str+4
                  | Slay+3}.
  3143 | D:4      | 3143 ||| DROPPING +0 robe.
  3166 | Temple   | Entered the Ecumenical Temple
  3167 | Temple   | 3167 ||| PLANNING OKAWARU WORSHIP
  3173 | Temple   | Became a worshipper of Warmaster Okawaru
  3174 | Temple   | 3174 ||| PLANNING D:1-11
  3257 | D:4      | Found a shimmering blue altar of Sif Muna.
  3384 | D:4      | 3384 ||| DRINKING 2 murky pink potions.
  3385 | D:4      | 3385 ||| DROPPING potion of degeneration.
  3408 | D:5      | Entered Level 5 of the Dungeon
  3756 | D:5      | Reached skill level 3 in Fighting
  3756 | D:5      | Reached XP level 8. HP: 30/40 MP: 9/9
  3957 | D:5      | Found a faded altar of an unknown god.
  3959 | D:5      | Found a hazy altar of Hepliaklqana.
  4023 | D:5      | Reached * piety under Okawaru
  4053 | D:5      | Found a stormy altar of Qazlal.
  4267 | D:5      | Found a snail-covered altar of Cheibriados.
  4294 | D:5      | 4294 ||| READING scroll of identify.
  4294 | D:5      | 4294 ||| IDENTIFYING blue potion
  4295 | D:5      | 4295 ||| READING scroll labelled ZAAZOEHISS.
  4349 | D:6      | Found Utath's General Store.
  4375 | D:6      | Reached skill level 1 in Invocations
  4385 | D:6      | 4385 ||| BUYING potion of heal wounds (60 gold).
  4385 | D:6      | Bought a potion of heal wounds for 60 gold pieces
  4385 | D:6      | 4385 ||| BUYING scroll of identify (24 gold).
  4385 | D:6      | Bought a scroll of identify for 24 gold pieces
  4385 | D:6      | 4385 ||| BUYING wand of flame (12) (100 gold).
  4385 | D:6      | Bought a wand of flame (12) for 100 gold pieces
  4385 | D:6      | 4385 ||| SHOPLISTING wand of light (2) (100 gold, have 56).
  4485 | D:6      | 4485 ||| SWAPPING to +0 orcbow.
  4486 | D:6      | 4486 ||| DROPPING +1 shortbow.
  4537 | D:6      | Reached skill level 3 in Invocations
  4685 | D:6      | Noticed Dowan
  4689 | D:6      | Noticed Duvessa
  4691 | D:6      | Killed Dowan
  4692 | D:6      | Reached skill level 9 in Ranged Weapons
  4692 | D:6      | 4692 ||| INVOKING Heroism.
  4702 | D:6      | Killed Duvessa
  4743 | D:6      | Reached ** piety under Okawaru
  4744 | D:6      | Reached skill level 9 in Dodging
  4744 | D:6      | Reached XP level 9. HP: 22/44 MP: 13/13
  4877 | D:6      | 4877 ||| RETREEEEATING.
  4889 | D:6      | HP: 7/40 [wight/+0 mace (5)]
  4890 | D:6      | 4890 ||| DRINKING 3 potions of heal wounds.
  4901 | D:6      | 4901 ||| DRINKING 2 potions of heal wounds.
  4969 | D:6      | 4969 ||| READING scroll of acquirement.
  4969 | D:6      | 4969 ||| ACQUIRING 1166 gold pieces
  4969 | D:6      | Acquired 1166 gold pieces
  5133 | D:6      | 5133 ||| READING 3 scrolls of identify.
  5133 | D:6      | 5133 ||| IDENTIFYING puce potion
  5134 | D:6      | 5134 ||| READING 2 scrolls of identify.
  5134 | D:6      | 5134 ||| IDENTIFYING ruby potion
  5135 | D:6      | 5135 ||| READING scroll of identify.
  5135 | D:6      | 5135 ||| IDENTIFYING dark potion
  5136 | D:6      | 5136 ||| DROPPING potion of invisibility.
  5137 | D:6      | 5137 ||| DROPPING potion of attraction.
  5138 | D:6      | 5138 ||| DROPPING potion of lignification.
  5139 | D:6      | 5139 ||| DROPPING wand of flame (18).
  5319 | D:7      | 5319 ||| READING scroll of enchant weapon.
  5319 | D:7      | 5319 ||| ENCHANTING +0 orcbow.
  5510 | D:7      | Noticed Menkaure
  5515 | D:7      | 5515 ||| INVOKING Heroism.
  5518 | D:7      | Killed Menkaure
  5629 | D:7      | Found an opulent altar of Gozag.
  5880 | D:7      | Found a sacrificial altar of Ru.
  6130 | D:7      | 6130 ||| READING 2 scrolls of identify.
  6130 | D:7      | 6130 ||| IDENTIFYING glowing grey potion
  6166 | D:8      | 6166 ||| STAIRDANCE
  6258 | D:8      | 6258 ||| RETREEEEATING.
  6259 | D:8      | 6259 ||| RETREEEEATING.
  6260 | D:8      | 6260 ||| RETREEEEATING.
  6261 | D:8      | 6261 ||| RETREEEEATING.
  6262 | D:8      | 6262 ||| RETREEEEATING.
  6263 | D:8      | 6263 ||| RETREEEEATING.
  6270 | D:8      | 6270 ||| INVOKING Heroism.
  6271 | D:8      | 6271 ||| RETREEEEATING.
  6272 | D:8      | 6272 ||| RETREEEEATING.
  6563 | D:8      | Reached *** piety under Okawaru
  6566 | D:8      | 6566 ||| RETREEEEATING.
  6574 | D:8      | 6574 ||| RETREEEEATING.
  6575 | D:8      | 6575 ||| RETREEEEATING.
  6576 | D:8      | 6576 ||| RETREEEEATING.
  6577 | D:8      | 6577 ||| RETREEEEATING.
  6578 | D:8      | 6578 ||| RETREEEEATING.
  6890 | D:8      | 6890 ||| READING scroll of identify.
  6890 | D:8      | 6890 ||| IDENTIFYING silvery potion
  6906 | D:9      | 6906 ||| RETREEEEATING.
  6913 | D:9      | 6913 ||| RETREEEEATING.
  6928 | D:9      | Reached XP level 10. HP: 48/49 MP: 14/14
  6974 | D:9      | 6974 ||| READING scroll of enchant weapon.
  6974 | D:9      | 6974 ||| ENCHANTING +1 orcbow.
  6995 | D:9      | Found a runed translucent gate.
  6995 | D:9      | Found a runed translucent gate.
  6995 | D:9      | Found a runed translucent gate.
  7000 | D:9      | Noticed qw's ghost (novice DjHu)
  7031 | D:9      | Noticed Maggie
  7032 | D:9      | 7032 ||| INVOKING Heroism.
  7039 | D:9      | Killed Maggie
  7098 | D:9      | Reached skill level 12 in Dodging
  7103 | D:9      | Reached **** piety under Okawaru
  7109 | D:9      | HP: 12/49 [poisoned by a killer bee]
  7264 | D:9      | 7264 ||| READING scroll of enchant armour.
  7264 | D:9      | 7264 ||| ENCHANTING +1 cloak.
  7507 | D:9      | Noticed a two-headed ogre
  7508 | D:9      | 7508 ||| INVOKING Finesse.
  7509 | D:9      | 7509 ||| INVOKING Finesse.
  7516 | D:9      | Killed a two-headed ogre
  7595 | D:9      | 7595 ||| READING scroll of enchant weapon.
  7595 | D:9      | 7595 ||| ENCHANTING +2 orcbow.
  7799 | D:10     | Entered Level 10 of the Dungeon
  7975 | D:10     | Reached skill level 12 in Ranged Weapons
  7995 | D:10     | Found a staircase to the Orcish Mines.
  8003 | D:10     | 8003 ||| DRINKING 2 potions of resistance.
  8291 | D:10     | 8291 ||| DRINKING potion of cancellation.
  8301 | D:10     | Found a staircase to the Lair.
  8335 | D:10     | Reached ***** piety under Okawaru
  8336 | D:10     | Reached skill level 6 in Invocations
  8681 | D:10     | 8681 ||| RETREEEEATING.
  8683 | D:10     | 8683 ||| RETREEEEATING.
  8698 | D:10     | Reached XP level 11. HP: 55/55 MP: 16/16
  8720 | D:10     | Found a basalt altar of Yredelemnul.
  8733 | D:10     | 8733 ||| RETREEEEATING.
  8734 | D:10     | Received a gift from Okawaru
  8940 | D:10     | 8940 ||| PLANNING LAIR
  8940 | D:10     | 8940 ||| UPGRADING to +1 hat.
  8945 | D:10     | 8945 ||| READING scroll labelled YHEOGO CUDGHASK.
  8950 | Lair:1   | Entered Level 1 of the Lair of Beasts
  8975 | Lair:1   | 8975 ||| RETREEEEATING.
  9083 | Lair:1   | Noticed Nergalle
  9084 | Lair:1   | 9084 ||| INVOKING Finesse.
  9101 | Lair:1   | Killed Nergalle
  9255 | Lair:1   | 9255 ||| RETREEEEATING.
  9256 | Lair:1   | 9256 ||| INVOKING Finesse.
  9339 | Lair:1   | 9339 ||| RETREEEEATING.
  9778 | Lair:1   | 9778 ||| RETREEEEATING.
  9781 | Lair:1   | 9781 ||| RETREEEEATING.
  9783 | Lair:1   | 9783 ||| RETREEEEATING.
  9789 | Lair:1   | 9789 ||| RETREEEEATING.
  9791 | Lair:1   | 9791 ||| RETREEEEATING.
  9792 | Lair:1   | 9792 ||| RETREEEEATING.
  9798 | Lair:1   | Received a gift from Okawaru
  9809 | Lair:1   | Reached skill level 9 in Invocations
  9964 | Lair:1   | 9964 ||| DROPPING ring of resist corrosion.
  9965 | Lair:1   | 9965 ||| READING 2 scrolls labelled LAOGHU ZIBEOQO.
  9966 | Lair:1   | 9966 ||| DROPPING scroll of immolation.
  9992 | Lair:2   | 9992 ||| RETREEEEATING.
  9993 | Lair:2   | Noticed a death yak
  9994 | Lair:2   | 9994 ||| RETREEEEATING.
  9997 | Lair:2   | Noticed a death yak
  9998 | Lair:2   | 9998 ||| RETREEEEATING.
 10000 | Lair:2   | 10000 ||| RETREEEEATING.
 10001 | Lair:2   | 10001 ||| RETREEEEATING.
 10002 | Lair:2   | 10002 ||| RETREEEEATING.
 10003 | Lair:2   | 10003 ||| RETREEEEATING.
 10007 | Lair:2   | 10007 ||| INVOKING Finesse.
 10011 | Lair:2   | Noticed a death yak
 10016 | Lair:2   | Noticed a death yak
 10021 | Lair:2   | Noticed a death yak
 10025 | Lair:2   | Noticed a death yak
 10026 | Lair:2   | 10026 ||| INVOKING Heroism.
 10028 | Lair:2   | Killed a death yak
 10043 | Lair:2   | Killed a death yak
 10057 | Lair:2   | Killed a death yak
 10058 | Lair:2   | Reached XP level 12. HP: 26/60 MP: 14/20
 10062 | Lair:2   | HP: 2/60 [death yak (24)]
 10063 | Lair:2   | 10063 ||| READING 2 scrolls of teleportation.
 10064 | Lair:2   | 10064 ||| DRINKING potion of heal wounds.
 10070 | Lair:2   | Killed a death yak
 10071 | Lair:2   | 10071 ||| FLEEEEING.
 10084 | Lair:2   | Killed a death yak
 10086 | Lair:2   | HP: 2/60 [death yak (23)]
 10087 | Lair:2   | 10087 ||| READING scroll of teleportation.
 10126 | Lair:2   | 10126 ||| INVOKING Finesse.
 10133 | Lair:2   | Killed a death yak
 10361 | Lair:2   | Received a gift from Okawaru
 10385 | Lair:2   | HP: 15/60 [poisoned by a black mamba]
 10390 | Lair:2   | HP: 11/60 [poisoned by a black mamba]
 10622 | Lair:2   | Found a hole to the Spider Nest.
 10869 | Lair:2   | 10869 ||| RETREEEEATING.
 10870 | Lair:2   | 10870 ||| RETREEEEATING.
 10877 | Lair:2   | 10877 ||| RETREEEEATING.
 10878 | Lair:2   | 10878 ||| RETREEEEATING.
 10879 | Lair:2   | 10879 ||| RETREEEEATING.
 10880 | Lair:2   | 10880 ||| RETREEEEATING.
 10886 | Lair:2   | Reached skill level 6 in Fighting
 11228 | Lair:2   | 11228 ||| UPGRADING to ring of poison resistance.
 11230 | Lair:2   | 11230 ||| READING scroll of identify.
 11230 | Lair:2   | 11230 ||| IDENTIFYING smoky golden potion
 11326 | Lair:2   | 11326 ||| STAIRDANCE
 11340 | Lair:2   | Reached skill level 15 in Dodging
 11445 | Lair:3   | Noticed a six-headed hydra
 11447 | Lair:3   | 11447 ||| INVOKING Finesse.
 11456 | Lair:3   | Killed a six-headed hydra
 11730 | Lair:3   | 11730 ||| READING scroll of enchant weapon.
 11730 | Lair:3   | 11730 ||| ENCHANTING +3 orcbow.
 11957 | Lair:3   | 11957 ||| RETREEEEATING.
 11966 | Lair:3   | 11966 ||| INVOKING Finesse.
 11979 | Lair:3   | Received a gift from Okawaru
 12019 | Lair:3   | Reached skill level 15 in Ranged Weapons
 12089 | Lair:3   | Found a staircase to the Swamp.
 12329 | Lair:4   | Reached skill level 1 in Armour
 12329 | Lair:4   | Reached XP level 13. HP: 65/65 MP: 21/21
 12333 | Lair:4   | 12333 ||| RETREEEEATING.
 12334 | Lair:4   | 12334 ||| RETREEEEATING.
 12340 | Lair:4   | 12340 ||| RETREEEEATING.
 12346 | Lair:4   | 12346 ||| RETREEEEATING.
 12361 | Lair:4   | 12361 ||| RETREEEEATING.
 12362 | Lair:4   | 12362 ||| RETREEEEATING.
 12363 | Lair:4   | 12363 ||| RETREEEEATING.
 12365 | Lair:4   | 12365 ||| RETREEEEATING.
 12366 | Lair:4   | 12366 ||| RETREEEEATING.
 12368 | Lair:4   | 12368 ||| RETREEEEATING.
 12369 | Lair:4   | 12369 ||| RETREEEEATING.
 12370 | Lair:4   | 12370 ||| RETREEEEATING.
 12371 | Lair:4   | 12371 ||| RETREEEEATING.
 12372 | Lair:4   | 12372 ||| RETREEEEATING.
 12376 | Lair:4   | 12376 ||| INVOKING Finesse.
 12381 | Lair:4   | 12381 ||| RETREEEEATING.
 12382 | Lair:4   | 12382 ||| RETREEEEATING.
 12385 | Lair:4   | 12385 ||| RETREEEEATING.
 12385 | Lair:4   | HP: 9/65 [meliai/divine providence (15)]
 12386 | Lair:4   | 12386 ||| READING 2 scrolls of teleportation.
 12386 | Lair:4   | Killed from afar by a meliai

Levels and vault maps discovered:
D:1:      roderic_chinese_lattice_arrival, layout_basic, serial_forest,
          infiniplex_forest_straight_1, infiniplex_forest_clump_long,
          infiniplex_forest_clump_long, infiniplex_forest_clump_C,
          infiniplex_forest_lined_1, infiniplex_forest_clump_diagonal,
          infiniplex_forest_straight_2, chequers_decorated_corner
D:2:      layout_loops_ring, uniq_natasha, uniq_sigmund, uniq_robin
D:3:      layout_loops_ring, mainiacjoe_overflow_paths, serial_shops, shop
D:4:      layout_rooms, kennysheep_orc_sif_temple,
          minmay_temple_entry_drinking_statues, nicolae_zen_rock_garden,
          minmay_hedge_maze, uniq_grinder
D:5:      layout_gridville, beargit_hepliaklqana_dungeon_heroes,
          grunt_qazlal_clouds, marbit_many_paths, kennysheep_generic_room_16
D:6:      layout_cave_pools, serial_shops, shop, uniq_duvessa
D:7:      layout_layer_cave, lemuel_tele_altar,
          nicolae_gozag_cash_rules_everything_around_me, bh_walls_and_bars,
          uniq_menkaure
D:8:      layout_basic
D:9:      layout_irregular_city, gammafunk_ghost_necromancy, uniq_maggie
D:10:     layout_loops_ring, nicolae_yredelemnul_corpse_copse,
          david_lair_shrubbed, erik_orc_1
Temple:   nicolae_temple_ecumenical_triangle
Lair:1:   layout_loops_ring, uniq_nergalle
Lair:2:   beast_lair_carwin_large_2, layout_small_grid,
          spider_nest_entry_funnel_web
Lair:3:   layout_loops_ring, minmay_swamp_entry_worms, serial_bayou_pond_e
Lair:4:   hangedman_what_comes_after_a, layout_regular_city, slime_entry_2,
          portal_ice_cave_entry_ice_simulacra, lemuel_old_faithful

Skill      XL: |  1  2  3  4  5  6  7  8  9 10 11 12 |
---------------+-------------------------------------+-----
Dodging        | 3 4 5 6 7 9 11 12 13 15 | 15.1
Ranged Weapons | 5 6 7 8 9 10 12 13 15 | 15.0
Fighting       | 2 3 4 5 6 |  6.1
Invocations    | 4 6 9 10 | 10.1
Armour         | 1 |  1.0
Stealth        | |  1.5

Action                     |  1- 3 |  4- 6 |  7- 9 | 10-12 | 13-15 || total
---------------------------+-------+-------+-------+-------+-------++-------
   Fire: Shortbow          |   118 |   157 |   151 |       |       ||   426
         Orcbow            |       |       |   276 |   848 |    40 ||  1164
 Invoke: Heroism           |       |       |     3 |     2 |       ||     5
         Finesse           |       |       |       |     7 |     1 ||     8
    Use: Scroll            |     4 |     7 |     9 |     9 |     1 ||    30
         Potion            |     1 |     2 |     3 |     3 |       ||     9
 Armour: Robe              |    26 |    22 |    59 |    79 |     8 ||   194
  Dodge: Dodged            |    65 |    59 |   323 |   530 |    70 ||  1047

Table legend:
 A = Non-vault XP
 B = Vault XP
 C = Vault XP percentage of total XP
 D = Non-vault monster count
 E = Vault monster count
 F = Vault count percentage of total count
                 A         B        C        D         E       F
            +---------+---------+-------+---------+---------+-------
      Total |   30614 |    8323 |  21.4 |     294 |      80 |  21.4
            +---------+---------+-------+---------+---------+-------
        D:1 |      45 |       4 |   8.2 |      27 |       2 |   6.9
        D:2 |     161 |     282 |  63.7 |      19 |      12 |  38.7
        D:3 |      82 |       0 |   0.0 |      22 |       0 |   0.0
        D:4 |     195 |     308 |  61.2 |      24 |       3 |  11.1
        D:5 |     474 |     137 |  22.4 |      14 |       6 |  30.0
        D:6 |    1630 |     215 |  11.7 |      33 |       2 |   5.7
        D:7 |     573 |     169 |  22.8 |      17 |       1 |   5.6
        D:8 |     992 |       0 |   0.0 |      18 |       0 |   0.0
        D:9 |    2246 |     326 |  12.7 |      30 |       1 |   3.2
       D:10 |    1123 |    3400 |  75.2 |      12 |      30 |  71.4
     Lair:1 |    5874 |     779 |  11.7 |      31 |       1 |   3.1
     Lair:2 |   12116 |    1414 |  10.5 |      31 |      10 |  24.4
     Lair:3 |    5103 |     318 |   5.9 |      16 |       1 |   5.9
     Lair:4 |       0 |     971 | 100.0 |       0 |      11 | 100.0
            +---------+---------+-------+---------+---------+-------
